 Dungeon Crawl Stone Soup version 0.29.0-15-g675c0067aa (webtiles) character file.

Game seed: 8338394154606473446

1834 qw the Cleaver (level 9, -3/55 HPs)
             Began as a Gargoyle Fighter on Sept 12, 2022.
             Was a Follower of Okawaru.
             Slain by a gargoyle
             ... wielding a +0 mace
              (7 damage)
             ... on level 6 of the Dungeon.
             The game lasted 00:01:56 (5890 turns).

qw the Cleaver (Gargoyle Fighter)                   Turns: 5890, Time: 00:01:57

Health: -3/55      AC: 19    Str: 24    XL:     9   Next: 11%
Magic:  9/11       EV: 10    Int:  9    God:    Okawaru [*.....]
Gold:   266        SH:  5    Dex:  9    Spells: 8/8 levels left

rFire   . . .      SeeInvis .   Y - +2 war axe
rCold   + + .      Faith    .   c - +0 buckler
rNeg    + . .      Spirit   .   o - +0 chain mail
rPois   inf        Reflect  .   b - +0 helmet
rElec   +          Harm     .   (no cloak)
rCorr   .          Rampage  .   (no gloves)
Will    .....                   (no boots)
Stlth   ..........              (no amulet)
HPRegen 0.18/turn               h - ring of protection from cold
MPRegen 0.12/turn               i - ring of protection from cold

@: about to teleport, heroic
A: sickness immunity, AC +6, negative energy resistance 1, electricity
resistance, torment resistance 1, petrification resistance
a: Renounce Religion, Heroism


You were on level 6 of the Dungeon.
You worshipped Okawaru.
Okawaru was aware of your devotion.
You visited 2 branches of the dungeon, and saw 7 of its levels.

You collected 315 gold pieces.
You spent 49 gold pieces at shops.


Innate Abilities, Weirdness & Mutations

You are immune to sickness and miasma.
Your stone body is resilient. (AC +6)
You are immune to poison.
You resist negative energy. (rN+)
You are resistant to electric shocks. (rElec)
You are resistant to unholy torment.
You are immune to petrification.


   Skills:
 - Level 6.0(11.0) Fighting
 - Level 8.4(13.4) Axes
 + Level 1.7(6.7) Throwing
 - Level 4.3(9.3) Armour
 - Level 1.8(6.8) Dodging
 - Level 3.2(8.2) Shields
 + Level 3.5 Invocations


You had 8 spell levels left.
You didn't know any spells.
Your spell library was empty.

Inventory:

Hand Weapons
 j - a +0 flail
 Y - a +2 war axe (weapon)
Missiles
 a - a javelin (quivered)
Armour
 b - a +0 helmet (worn)
 c - a +0 buckler (worn)
 o - a +0 chain mail (worn)
Jewellery
 h - a ring of protection from cold (left hand)
 i - a ring of protection from cold (right hand)
 k - a ring of positive energy
Scrolls
 f - a scroll of identify
 n - a scroll of fog
Potions
 d - 2 potions of might
 e - 4 potions of curing
 g - a potion of invisibility {unknown}
 l - a potion of degeneration {unknown}
 m - a potion of lignification
 p - a potion of mutation {unknown}
 q - a potion of haste {unknown}
 r - a potion of cancellation {unknown}

Dungeon Overview and Level Annotations

Branches:
Dungeon (6/15)             Temple (1/1) D:5

Altars:
Ashenzari
Dithmenos
Elyvilon
Fedhas
Gozag
Makhleb
Okawaru
Ru
Sif Muna
Trog
Uskayaw
Vehumet
Wu Jian
Xom
Yredelemnul
Zin
The Shining One

Shops:
D:2 [


Message History

The ice beast is moderately wounded.
The ice beast barely misses you.
You slash the ice beast!
The ice beast is severely wounded.
You block the ice beast's attack.
The ice beast hits you but does no damage.
You slash the ice beast!
You kill the ice beast!
Okawaru accepts your kill.
You hit the gargoyle but do no damage. The gargoyle hits you with a +0 mace!
You hit the gargoyle.
The gargoyle is lightly damaged.
The gargoyle hits you but does no damage.
You hit the gargoyle.
The gargoyle is moderately damaged.
The gargoyle hits you with a +0 mace!
5884 ||| INVOKING Heroism.
You gain the combat prowess of a mighty hero.
The gargoyle hits you with a +0 mace!
You hit the gargoyle but do no damage.
The gargoyle is moderately damaged.
The gargoyle hits you with a +0 mace!
5886 ||| READING scroll of teleportation.
As you read the scroll of teleportation, it crumbles to dust.
You feel strangely unstable.
The gargoyle hurls a stone arrow at you.
The stone arrow misses you.
You hit the gargoyle but do no damage.
The gargoyle is moderately damaged.
The gargoyle hits you with a +0 mace!
You hit the gargoyle but do no damage.
The gargoyle is moderately damaged.
You slash the gargoyle!
The gargoyle is severely damaged.
The gargoyle hits you but does no damage.
You barely miss the gargoyle.
The gargoyle is severely damaged.
The gargoyle hits you with a +0 mace!
You die...

..#[....##..####
..##../.##..##.##
..##'#####...(..#
>.##....##.######
..........##..
9(## ..........#
.###..#
#%####+####
#$#8.#####
#.####..#
#(##9##..##
........#
#@..%...#
).......#
#..8#..######
........#
#(##+##..##...#
........# #?#
#........#
........# =##
#........#
#+####### #..
##..######
#.##### ##
###..###..#
....<.+
#...[.#...#
......#
+.....#...#


You could see a gargoyle.

Vanquished Creatures
  Sigmund (D:2)
  Menkaure (D:6)
  3 ice beasts (D:6)
  A black bear (D:5)
  3 ogres
  A phantom (D:5)
  4 scorpions
  A necrophage (D:5)
  3 howler monkeys
  A jelly (D:5)
  4 hounds
  5 iguanas
  9 adders
  A worm (D:2)
  3 dart slugs
  7 orcs
  8 ball pythons
  3 bats (D:1)
  8 endoplasms
  4 giant cockroaches
  5 goblins
  9 hobgoblins
  3 jackals (D:5)
  2 quokkas (D:1)
  2 frilled lizards (D:1)
  5 kobolds
  4 rats
101 creatures vanquished.

Notes
Turn   | Place    | Note
-------+----------+-------------------------------------------
     0 | D:1      | qw the Gargoyle Fighter began the quest for the Orb.
     0 | D:1      | Reached XP level 1. HP: 14/14 MP: 1/1
     0 | D:1      | 0 ||| qw: Version: 0.1-a-119-g272c26d
     0 | D:1      | 0 ||| qw: Game counter: 11044
     0 | D:1      | 0 ||| qw: Always use a shield: true
     0 | D:1      | 0 ||| qw: God list: Okawaru
     0 | D:1      | 0 ||| qw: Allow faded altars: false
     0 | D:1      | 0 ||| qw: Do Orc after D:15 true
     0 | D:1      | 0 ||| qw: Do second Lair branch before Depths: true
     0 | D:1      | 0 ||| qw: Lair rune preference: random
     0 | D:1      | 0 ||| qw: Plans: Normal, Zot, God:TSO, Crypt, Tomb, Pan,
                  | Slime, Hells, Zig, Abyss, Orb
     0 | D:1      | 0 ||| PLANNING D:1-11
   115 | D:1      | Reached skill level 2 in Axes
   191 | D:1      | Reached XP level 2. HP: 16/19 MP: 2/2
   509 | D:1      | 509 ||| DROPPING +0 hand axe of electrocution.
   714 | D:1      | Reached skill level 3 in Axes
   861 | D:1      | Reached XP level 3. HP: 23/23 MP: 3/3
  1112 | D:1      | 1112 ||| READING scroll labelled HIMAFO GABY.
  1113 | D:1      | 1113 ||| READING 2 scrolls labelled WYVOVVIFEI.
  1114 | D:1      | 1114 ||| READING 2 scrolls labelled JARERA UGONKOL.
  1115 | D:1      | 1115 ||| READING scroll of enchant weapon.
  1115 | D:1      | 1115 ||| ENCHANTING +1 war axe.
  1116 | D:1      | 1116 ||| READING scroll labelled ADICIFF LYAMN.
  1121 | D:1      | 1121 ||| READING scroll labelled XEM KARYO.
  1122 | D:1      | 1122 ||| DRINKING 2 metallic grey potions.
  1123 | D:1      | 1123 ||| DROPPING scroll of fear.
  1332 | D:2      | 1332 ||| DROPPING +0 club.
  1373 | D:2      | 1373 ||| Stepping ~*~*~tactically~*~*~ (stealth).
  1374 | D:2      | 1374 ||| Stepping ~*~*~tactically~*~*~ (stealth).
  1375 | D:2      | 1375 ||| Stepping ~*~*~tactically~*~*~ (stealth).
  1454 | D:2      | 1454 ||| Stepping ~*~*~tactically~*~*~ (stealth).
  1523 | D:2      | Reached XP level 4. HP: 28/28 MP: 4/4
  1544 | D:2      | Found a faded altar of an unknown god.
  1588 | D:2      | Noticed Sigmund
  1604 | D:2      | 1604 ||| DRINKING 3 potions of curing.
  1604 | D:2      | 1604 ||| (to cure confusion)
  1609 | D:2      | Killed Sigmund
  1610 | D:2      | Reached skill level 5 in Axes
  1610 | D:2      | Reached XP level 5. HP: 14/32 MP: 5/5
  1610 | D:2      | Reached XP level 6. HP: 16/37 MP: 6/6
  1815 | D:2      | Found Gucura's Armour Shoppe.
  1824 | D:2      | 1824 ||| BUYING +0 chain mail (49 gold).
  1824 | D:2      | Bought a +0 chain mail for 49 gold pieces
  1824 | D:2      | 1824 ||| SHOPLISTING +1 leather armour "Bap Sijep" {Rampage
                  | rCorr Str+5 Dex-4} (238 gold, have 72).
  1824 | D:2      | 1824 ||| SHOPLISTING +2 chain mail of fire resistance (236
                  | gold, have 72).
  1975 | D:2      | 1975 ||| UPGRADING to +0 chain mail.
  1985 | D:2      | 1985 ||| DROPPING +0 scale mail.
  1986 | D:2      | 1986 ||| UPGRADING to ring of positive energy.
  1987 | D:2      | 1987 ||| READING scroll labelled YPORID VE DUNI.
  1988 | D:2      | 1988 ||| READING scroll labelled OTHREI CUKIU.
  1989 | D:2      | 1989 ||| READING 2 scrolls of identify.
  1989 | D:2      | 1989 ||| IDENTIFYING coppery potion
  1990 | D:2      | 1990 ||| DROPPING potion of ambrosia.
  2614 | D:3      | You fall into a shaft and drop 1 floor!
  2614 | D:4      | Found a shimmering altar of Xom.
  2623 | D:4      | 2623 ||| UPGRADING to +0 helmet.
  2635 | D:4      | 2635 ||| READING scroll labelled AGESAN YRASESH.
  2636 | D:4      | 2636 ||| DRINKING 2 grey potions.
  2637 | D:4      | 2637 ||| DRINKING 2 black potions.
  2638 | D:4      | 2638 ||| DROPPING potion of brilliance.
  2646 | D:4      | 2646 ||| STAIRDANCE
  2865 | D:3      | 2865 ||| Stepping ~*~*~tactically~*~*~ (stealth).
  2867 | D:3      | 2867 ||| Stepping ~*~*~tactically~*~*~ (hiding).
  2868 | D:3      | 2868 ||| Stepping ~*~*~tactically~*~*~ (hiding).
  3053 | D:3      | 3053 ||| DROPPING +1 hat.
  3054 | D:3      | 3054 ||| READING scroll labelled MUX QITTAPS.
  3055 | D:3      | 3055 ||| READING scroll labelled PUFUFE OPOAJ.
  3056 | D:3      | 3056 ||| READING scroll labelled WEYFYA IMIKULU.
  3183 | D:4      | 3183 ||| STAIRDANCE
  3217 | D:4      | Reached skill level 6 in Axes
  3217 | D:4      | Reached XP level 7. HP: 38/44 MP: 7/7
  3391 | D:4      | 3391 ||| Stepping ~*~*~tactically~*~*~ (stealth).
  3642 | D:4      | Reached skill level 1 in Dodging
  4078 | D:4      | 4078 ||| UPGRADING to ring of protection from cold.
  4079 | D:4      | 4079 ||| READING scroll labelled POMILE RIDIB.
  4134 | D:4      | 4134 ||| READING scroll labelled TAIKLU SICWA.
  4135 | D:4      | 4135 ||| READING 2 scrolls labelled DYTISUV HIHAUL.
  4136 | D:4      | 4136 ||| DROPPING scroll of immolation.
  4166 | D:5      | Entered Level 5 of the Dungeon
  4167 | D:5      | 4167 ||| STAIRDANCE
  4187 | D:5      | 4187 ||| STAIRDANCE
  4282 | D:5      | 4282 ||| Stepping ~*~*~tactically~*~*~ (stealth).
  4284 | D:5      | 4284 ||| Stepping ~*~*~tactically~*~*~ (stealth).
  4290 | D:5      | Reached skill level 7 in Axes
  4385 | D:5      | HP: 6/44 [black bear (7)]
  4386 | D:5      | 4386 ||| READING scroll of teleportation.
  4387 | D:5      | 4387 ||| DRINKING potion of heal wounds.
  4389 | D:5      | Reached XP level 8. HP: 33/49 MP: 8/8
  4627 | D:5      | Found a staircase to the Ecumenical Temple.
  4628 | D:5      | 4628 ||| PLANNING TEMPLE
  4628 | D:5      | 4628 ||| DROPPING amulet of faith.
  4629 | D:5      | 4629 ||| UPGRADING to ring of protection from cold.
  4631 | D:5      | 4631 ||| DRINKING 2 clear potions.
  4657 | Temple   | Entered the Ecumenical Temple
  4807 | Temple   | 4807 ||| PLANNING D:1-11
  4816 | Temple   | Became a worshipper of Warmaster Okawaru
  4943 | D:5      | Reached skill level 8 in Axes
  5261 | D:5      | Reached skill level 6 in Fighting
  5398 | D:5      | 5398 ||| READING scroll labelled PIODUL FEPS.
  5399 | D:5      | 5399 ||| DRINKING 2 fizzy yellow potions.
  5400 | D:5      | 5400 ||| DROPPING potion of flight.
  5426 | D:6      | 5426 ||| DROPPING +0 whip.
  5457 | D:6      | Reached * piety under Okawaru
  5461 | D:6      | Noticed Menkaure
  5462 | D:6      | 5462 ||| Stepping ~*~*~tactically~*~*~ (hiding).
  5463 | D:6      | 5463 ||| INVOKING Heroism.
  5470 | D:6      | Killed Menkaure
  5471 | D:6      | Reached skill level 1 in Invocations
  5647 | D:6      | Found a bloodstained altar of Trog.
  5747 | D:6      | Reached XP level 9. HP: 55/55 MP: 10/10
  5775 | D:6      | 5775 ||| Stepping ~*~*~tactically~*~*~ (stealth).
  5847 | D:6      | Reached skill level 1 in Throwing
  5847 | D:6      | Reached skill level 3 in Invocations
  5869 | D:6      | Noticed a gargoyle
  5875 | D:6      | 5875 ||| Stepping ~*~*~tactically~*~*~ (hiding).
  5884 | D:6      | 5884 ||| INVOKING Heroism.
  5885 | D:6      | HP: 10/55 [gargoyle/+0 mace (10)]
  5886 | D:6      | 5886 ||| READING scroll of teleportation.
  5887 | D:6      | HP: 4/55 [gargoyle/+0 mace (7)]
  5890 | D:6      | Slain by a gargoyle

Levels and vault maps discovered:
D:1:      nicolae_arrival_somewhat_less_tricky_arrival, layout_basic
D:2:      layout_rooms, serial_shops, shop,
          dreamdust_ecumenical_altar_angels_and_demons, uniq_sigmund
D:3:      layout_loops_corners
D:4:      layout_loops_ring, xom_teletrap_fun, hex_large,
          amcnicky_mini_pool_small
D:5:      layout_basic, minmay_temple_entry_steel_oval, grunt_ministairs_7
D:6:      minmay_chambers_of_sixes, layout_gridville, marbit_many_paths,
          uniq_eustachio, uniq_menkaure
Temple:   nicolae_temple_bog_church

Skill      XL: |  1  2  3  4  5  6  7  8  9 |
---------------+----------------------------+-----
Axes           | 2 3 5 6 7 8 |  8.4
Fighting       | 4 5 6 |  6.0
Dodging        | 1 |  1.8
Armour         | 4 |  4.3
Invocations    | 2 3 |  3.5
Throwing       | 1 |  1.7
Shields        | |  3.2

Action                   |  1- 3 |  4- 6 |  7- 9 || total
-------------------------+-------+-------+-------++-------
Melee: War axe           |   109 |    75 |   158 ||   342
Throw: Javelin           |       |       |    10 ||    10
Invok: Heroism           |       |       |     2 ||     2
  Use: Scroll            |     6 |     7 |     6 ||    19
       Potion            |     1 |     3 |     3 ||     7
Armor: Scale mail        |    55 |    12 |       ||    67
       Chain mail        |       |    13 |    91 ||   104
Dodge: Dodged            |    36 |    17 |    54 ||   107
Block: Buckler           |    24 |    13 |    32 ||    69

Table legend:
 A = Non-vault XP
 B = Vault XP
 C = Vault XP percentage of total XP
 D = Non-vault monster count
 E = Vault monster count
 F = Vault count percentage of total count
                 A         B        C        D         E       F
            +---------+---------+-------+---------+---------+-------
      Total |    1843 |     777 |  29.7 |      94 |       7 |   6.9
            +---------+---------+-------+---------+---------+-------
        D:1 |      38 |       0 |   0.0 |      22 |       0 |   0.0
        D:2 |      72 |     239 |  76.8 |      19 |       1 |   5.0
        D:3 |     187 |       0 |   0.0 |      14 |       0 |   0.0
        D:4 |     261 |      93 |  26.3 |      15 |       1 |   6.2
        D:5 |     899 |      40 |   4.3 |      17 |       1 |   5.6
        D:6 |     386 |     405 |  51.2 |       7 |       4 |  36.4
            +---------+---------+-------+---------+---------+-------
